 Dungeon Crawl Stone Soup version 0.30.0-13-g156ef70053 (webtiles) character file.

Game seed: 208631870813450876

44 NateTC the Shield-Bearer (level 3, -6/30 HPs)
             Began as a Formicid Fighter on May 18, 2023.
             Killed by divine providence
             ... invoked by an orc priest
              (17 damage)
             ... on level 2 of the Dungeon.
             The game lasted 00:05:05 (810 turns).

NateTC the Shield-Bearer (Formicid Fighter)          Turns: 810, Time: 00:05:05

Health: -6/30      AC:  9    Str: 22    XL:     3   Next: 85%
Magic:  3/3        EV:  9    Int:  7    God:
Gold:   55         SH:  5    Dex: 13    Spells: 2/2 levels left

rFire   + + .        a - +0 war axe
rCold   x . .        c - +0 buckler
rNeg    . . .        e - +0 fire dragon scales
rPois   .            (helmet unavailable)
rElec   .            (no cloak)
rCorr   .            (no gloves)
SInv    +            (no boots)
Will    .....        f - amulet of magic regeneration Stlth
                     (no ring)
HPRegen 0.25/turn    (no ring)
MPRegen 0.48/turn

%: no passive effects
@: no status effects
A: permanent stasis, dig shafts and tunnels, antennae 3, four strong arms
a: Dig, Shaft Self


You were on level 2 of the Dungeon.
You visited 1 branch of the dungeon, and saw 2 of its levels.

You collected 55 gold pieces.

Inventory:

Hand Weapons
 a - a +0 war axe (weapon)
Armour
 c - a +0 buckler (worn)
 e - +0 fire dragon scales (worn)
Jewellery
 f - an amulet of magic regeneration (around neck)
Scrolls
 g - a scroll of teleportation
Potions
 b - a potion of heal wounds {unknown}
 d - a potion of might
 h - a potion of mutation {unknown}
 i - a potion of flight {unknown}


   Skills:
 + Level 3.7 Fighting
 * Level 3.1 Axes
 - Level 3.2 Armour
 + Level 4.5 Shields


You had 2 spell levels left.
You didn't know any spells.
Your spell library was empty.

Dungeon Overview and Level Annotations

Branches:
Dungeon (2/15) Zot: 11146

Altars:


Innate Abilities, Weirdness & Mutations

You cannot be hasted, slowed, berserked, paralysed or teleported.
You can dig through walls and to a lower floor.
You have a pair of large antennae on your head. (SInv)
Your four strong arms can wield two-handed weapons with a shield.


Message History

You hear a shout!
You block the orc's attack.
You barely miss the orc. The orc barely misses you.
The orc priest hits you but does no damage.
The orc hits you with a +0 short sword.
You closely miss the orc. You hit the orc priest.
The orc priest barely misses you. The orc completely misses you.
You barely miss the orc priest.
The orc priest is moderately wounded.
You closely miss the orc.
The orc priest mumbles some strange prayers to Beogh against you.
Pain shoots through your body! The orc hits you but does no damage.
You barely miss the orc priest.
The orc priest is moderately wounded.
You barely miss the orc. You block the orc priest's attack.
The orc wizard gestures wildly while chanting.
The orc wizard flickers and vanishes for a moment.
The orc barely misses you. x2
The orc priest invokes the aid of Beogh against you.
Beogh smites you!
You slash the orc priest!
The orc priest is almost dead.
You hit the orc. The orc priest hits you with a +0 club.
The orc hits you with a +0 short sword.
You barely miss the orc priest.
The orc priest is almost dead.
You hit the orc. The orc hits you but does no damage.
The orc priest hits you but does no damage.
The orc priest begins to cast a cantrip, but forgets the words!
You block the orc's attack.
You hit the orc priest.
The orc priest is almost dead.
You hit the orc. You block the orc's attack. The orc priest barely misses you.
You hit the orc priest but do no damage.
The orc priest is almost dead.
You barely miss the orc. You block the orc's attack.
The orc priest mumbles some strange prayers to Beogh against you.
Beogh smites you!
Ouch! That really hurt!
You die...

.... ...... ..... .....
...... .... . .... ... #
...... .. . ..
.$....#.##.##....
...#..#..oo.o...#
.#...#.....@#.#
............#.#####. ...
......#..............
.......#..#......)..####
......#..#.........#
...#..#............##...
.
.......#.........$...).
. ......................
..
##....................


You could see an orc priest, an orc wizard (invisible) and an orc.

Vanquished Creatures
  An orc (D:2)
  5 endoplasms
  A giant cockroach (D:1)
  9 goblins (D:1)
  5 hobgoblins
  A kobold (D:1)
  4 quokkas (D:1)
  A ball python (D:1)
  5 bats
  A frilled lizard (D:1)
  2 rats
35 creatures vanquished.

Notes
Turn   | Place    | Note
-------+----------+-------------------------------------------
     0 | D:1      | NateTC the Formicid Fighter began the quest for the Orb.
     0 | D:1      | Reached XP level 1. HP: 18/18 MP: 1/1
    45 | D:1      | Reached XP level 2. HP: 19/24 MP: 2/2
   218 | D:1      | Reached XP level 3. HP: 27/29 MP: 3/3
   810 | D:2      | Killed from afar by an orc priest

Illustrated notes

Levels and vault maps discovered:
D:1:      shiori_arrival_oz, layout_basic, hangedman_decor_push
D:2:      layout_rooms, basic_altar, wad_orctagon

Skill      XL: |  1  2  3 |
---------------+----------+-----
Axes           | 3 |  3.1
Fighting       | |  3.7
Armour         | |  3.2
Shields        | |  4.5

Action                     || total
---------------------------++-------
  Melee: War axe           ||   107
    Use: Scroll            ||     1
 Armour: Scale mail        ||     5
         Fire dragon scale ||    43
  Dodge: Dodged            ||    48
  Block: Buckler           ||    37
